 Dungeon Crawl Stone Soup version 0.30-a0-852-g08b95dd62f (webtiles) character file.

Game seed: 3732760740052591649

77 jimonade the Magician (level 4, -1/34 HPs)
             Began as a Djinni Warper on Mar 5, 2023.
             Slain by Terence
             ... wielding a +0 mace
              (4 damage)
             ... on level 3 of the Dungeon.
             The game lasted 00:03:50 (2333 turns).

jimonade the Magician (Djinni Warper)               Turns: 2333, Time: 00:03:50

Health: -1/34      AC:  8    Str: 12    XL:     4   Next: 60%
Gold:   158        EV:  6    Int: 14    God:
                   SH:  0    Dex: 13

rFire   + + .      SeeInvis .    a - +1 dagger (speed)
rCold   x . .      Faith    .    (no shield)
rNeg    . . .      Spirit   .    k - +0 chain mail
rPois   ∞          Reflect  .    (no helmet)
rElec   .          Rampage  .    (no cloak)
rCorr   .                        (no gloves)
Will    .....                    (boots unavailable) Stlth
                                 (no amulet)
HPRegen 0.25/turn                (no ring)
MPRegen 0.00/turn                (no ring)

@: flying
A: sickness immunity, fire resistance 2, cold vulnerability 1, float, innate
caster, HP casting, extra vitality 1
a: no special abilities


You were on level 3 of the Dungeon.
You visited 1 branch of the dungeon, and saw 3 of its levels.

You collected 158 gold pieces.

Inventory:

Hand Weapons
 a - a +1 dagger of speed (weapon)
 b - a +0 short sword
Missiles
 d - 7 boomerangs of dispersal (quivered)
Armour
 k - a +0 chain mail (worn)
 m - a +0 leather armour
Jewellery
 n - a +4 ring of slaying
Scrolls
 c - a scroll of blinking
 h - a scroll of amnesia {unknown}
 o - 2 scrolls of identify {unknown}
 p - a scroll of fog {unknown}
 s - a scroll of torment {unknown}
Potions
 e - a potion of magic {unknown}
 f - a potion of flight {unknown}
 g - a potion of invisibility {unknown}
 j - 3 potions of curing {unknown}
 l - a potion of resistance {unknown}
 q - a potion of mutation {unknown}
 r - 2 potions of attraction {unknown}
 t - 2 potions of heal wounds {unknown}


   Skills:
 + Level 2.5 Fighting
 + Level 2.4 Short Blades
 + Level 0.7 Throwing
 + Level 1.9 Armour
 + Level 2.2 Dodging
 * Level 3.1 Spellcasting


You knew the following spells:

 Your Spells              Type           Power      Damage    Failure   Level
a - Blink                 Tloc           20%        N/A       98%         2
b - Lesser Beckoning      Tloc           20%        N/A       98%         2
c - Vhi's Electric Charg  Tloc/Air       20%        N/A       100%        3
d - Teleport Other        Tloc           10%        N/A       100%        3
e - Manifold Assault      Tloc           10%        N/A       100%        4
f - Freeze                Ice            40%        1d6       94%         1
Your spell library was empty.

Dungeon Overview and Level Annotations

Branches:
Dungeon (3/15)

Altars:
Hepliaklqana

Annotations:
D:3 Terence


Innate Abilities, Weirdness & Mutations

You are immune to sickness and miasma.
You are immune to poison.
Your flesh is very heat resistant. (rF++)
You are vulnerable to cold. (rC-)
You float through the air rather than walking.
You learn spells naturally, not from books.
Your magical power is your life essence.
You have superior vitality. (+4 MHP)


Message History

Terence is severely wounded.
You hit Terence.
Terence is almost dead.
Terence hits you with a +0 mace.
You hit Terence but do no damage.
Terence is almost dead.
You closely miss Terence. Your punch misses Terence.
Terence is almost dead.
Terence hits you with a +0 mace.
* * * LOW HITPOINT WARNING * * *
You completely miss Terence.
Terence is almost dead.
You hit Terence but do no damage.
Terence is almost dead.
Terence hits you but does no damage.
You hit Terence but do no damage.
Terence is almost dead.
Terence hits you but does no damage.
You barely miss Terence.
Terence is almost dead.
You barely miss Terence.
Terence is almost dead.
Terence hits you with a +0 mace.
* * * LOW HITPOINT WARNING * * *
You hit Terence.
Terence is almost dead.
You barely miss Terence.
Terence is almost dead.
Terence hits you with a +0 mace.
* * * LOW HITPOINT WARNING * * *
You hit Terence but do no damage.
Terence is almost dead.
You closely miss Terence.
Terence is almost dead.
Terence hits you with a +0 mace.
* * * LOW HITPOINT WARNING * * *
You hit Terence but do no damage.
Terence is almost dead.
Terence hits you with a +0 mace.
You die...

########
#(BS@@.######
.....####......#
<## ####..###.#
#.....# #.#
....##..###.###
..............##
.########.###..#
#.####.# .
##..###.## #


You could see Terence, an adder and a giant cockroach.

Vanquished Creatures
  3 adders
  A worm (D:2)
  3 dart slugs
  5 endoplasms
  3 giant cockroaches
  5 goblins
  2 hobgoblins
  A quokka (D:1)
  5 ball pythons
  3 bats
  2 frilled lizards (D:1)
  4 kobolds (D:1)
  5 rats
42 creatures vanquished.

Notes
Turn   | Place    | Note
-------+----------+-------------------------------------------
     0 | D:1      | jimonade the Djinni Warper began the quest for the Orb.
     0 | D:1      | jimonade set off with the following spells memorised:
                  | Blink, Lesser Beckoning, Vhi's Electric Charge, Teleport
                  | Other, Manifold Assault.
     0 | D:1      | Reached XP level 1. HP: 18/18 MP: 0/0
   176 | D:1      | You are sucked into a shaft and drop 1 floor!
   176 | D:2      | Found a hazy altar of Hepliaklqana.
   254 | D:2      | Reached XP level 2. HP: 11/23 MP: 0/0
   508 | D:1      | Reached XP level 3. HP: 22/29 MP: 0/0
   508 | D:1      | Learned a level 1 spell: Freeze
   566 | D:1      | Reached skill level 3 in Spellcasting
   916 | D:1      | Found a faded altar of an unknown god.
  1497 | D:2      | Reached XP level 4. HP: 30/34 MP: 0/0
  2283 | D:3      | Noticed Terence
  2333 | D:3      | Slain by Terence

Illustrated notes

Levels and vault maps discovered:
D:1:      eino_arrival_druids_welcome, layout_basic,
          dreamdust_ecumenical_altar_hidden_monk_grotto
D:2:      layout_basic, basic_altar
D:3:      layout_loops_cross, minmay_randomly_rotated_circles, uniq_terence

Skill      XL: |  1  2  3 |
---------------+----------+-----
Spellcasting   | 3 |  3.1
Short Blades   | 2 |  2.4
Fighting       | |  2.5
Throwing       | |  0.7
Armour         | |  1.9
Dodging        | |  2.2

Action                     |  1- 3 |  4- 6 || total
---------------------------+-------+-------++-------
  Melee: Short sword       |    96 |       ||    96
         Dagger            |    58 |    92 ||   150
         Punch             |     1 |     2 ||     3
  Throw: Dart              |       |     2 ||     2
 Armour: Leather armour    |    14 |       ||    14
         Chain mail        |    28 |    35 ||    63
  Dodge: Dodged            |    46 |    10 ||    56

Table legend: (Time is in decaauts)
 A = Elapsed time spent in this place.
 B = Non-inter-level travel time spent in this place.
 C = Inter-level travel time spent in this place.
 D = Time resting spent in this place.
 E = Time spent auto-exploring this place.
 F = Levels seen in this place.
 G = Mean time per level.
                   A        B        C        D        E       F      G
               +--------+--------+--------+--------+--------+-----+--------+
         Total |   2253 |   2189 |     64 |     52 |   1722 |   3 |  751.0 |
       Dungeon |   2253 |   2189 |     64 |     52 |   1722 |   3 |  751.0 |
               +--------+--------+--------+--------+--------+-----+--------+

Top non-repeatable levels by time:
     D:2: 1028 daAuts
     D:1: 986 daAuts
     D:3: 238 daAuts
